AoeStats
← TheQuietRiot

Black Forest

504707026Analyzed
1v1 RM · 27d ago on Sep 6, 2026· 41m 0s· 2 players
Game mode
Random Map
Map size
Tiny (2 player)
Population
200
Speed
Normal
Resources
Standard
Victory
Conquest
Starting age
Dark Age
Ending age
Imperial Age
RankedLock teamsTeams togetherTeam positionsShared explorationLock speedFull tech treeHidden civsTurbo modeCheats
Victory
Defeat
🇬🇧 Britons · United Kingdom
929
+16
🇬🇧 Spanish · United Kingdom
930
-16
TheQuietRiot
11:09 Feudal Age
9:24 Loom
12:13 Double-Bit Axe
14:35 Horse Collar
17:53 Wheelbarrow
17:16 Stone Mining
17:24 Gold Mining
22:54 Castle Age
21:38 Fletching
24:14 Crossbowman
24:56 Bodkin Arrow
30:39 Hand Cart
33:30 Heavy Plow
34:37 Bow Saw
35:39 Padded Archer Armor
36:55 Gold Shaft Mining
36:24 Town Watch
38:21 Ballistics
40:43 Imperial Age
39:27 Town Watch
40:00 Leather Archer Armor
39:56 Forging
39:47 Scale Mail Armor
41:28 Murder Holes
raghuvlk
0:42 Loom
15:15 Feudal Age
16:55 Fletching
21:54 Castle Age
28:12 Bodkin Arrow
33:31 Padded Archer Armor
41:48 Imperial Age
Connection lost

Rejoining the realm…

Still unreachable

The connection could not be restored.

Session expired

The server has moved on; the page needs a fresh start.